 Dungeon Crawl Stone Soup version 0.26-a0-651-gb41185065b (webtiles) character file.

Game seed: 2587894059275058983

11064 lorenzova the Thaumaturge (level 11, -2/54 HPs)
             Began as a Deep Elf Conjurer on Oct 29, 2020.
             Was an Elder of Vehumet.
             Slain by a fire dragon (10 damage)
             ... on level 10 of the Dungeon.
             The game lasted 00:27:17 (13106 turns).

lorenzova the Thaumaturge (Deep Elf Conjurer)      Turns: 13106, Time: 00:27:17

Health: -2/54      AC:  8    Str:  4    XL:     11   Next: 44%
Magic:  14/39      EV: 11    Int: 27    God:    Vehumet [****..]
Gold:   520        SH:  0    Dex: 13    Spells: 12/36 levels left

rFire    . . .     SeeInvis .   r - +2 dagger (flame)
rCold    . . .     Faith    .   (no shield)
rNeg     . . .     Spirit   .   u - +1 leather armour {MR+}
rPois    .         Reflect  .   (no helmet)
rElec    .         Harm     .   w - +2 cloak
rCorr    .         Rampage  .   n - +0 pair of gloves
MR       ++...                  (no boots)
Stlth    ++........             C - amulet of regeneration
HPRegen  0.58/turn              F - ring of magical power
MPRegen  0.26/turn              (no ring)

@: no status effects
A: no striking features
a: Renounce Religion


You were on level 10 of the Dungeon.
You worshipped Vehumet.
Vehumet was greatly pleased with you.
You visited 2 branches of the dungeon, and saw 12 of its levels.
You also visited: Sewer.

You collected 520 gold pieces.

Inventory:

Hand Weapons
 r - a +2 dagger of flaming (weapon)
Armour
 a - a +0 robe
 n - a +0 pair of gloves (worn)
 u - a +1 leather armour of magic resistance (worn)
 w - a +2 cloak (worn)
 A - a +2 ring mail of fire resistance
Jewellery
 C - an amulet of regeneration (around neck)
 F - a ring of magical power (left hand)
Wands
 l - a wand of random effects (19)
 x - a wand of flame (22)
 E - a wand of iceblast (10)
Scrolls
 b - 3 scrolls of amnesia
 e - 2 scrolls of fear {unknown}
 f - 5 scrolls of remove curse
 g - 3 scrolls of random uselessness
 h - a scroll of noise {unknown}
 i - 6 scrolls of teleportation
 k - a scroll of blinking {unknown}
 s - 3 scrolls of magic mapping {unknown}
 y - a scroll of immolation {unknown}
 B - 2 scrolls of fog {unknown}
 D - 2 scrolls of enchant weapon {unknown}
Potions
 c - a potion of degeneration {unknown}
 d - 3 potions of stabbing
 j - 9 potions of curing
 m - 3 potions of might {unknown}
 o - 9 potions of heal wounds
 p - a potion of flight {unknown}
 q - a potion of brilliance {unknown}
 t - 3 potions of lignification {unknown}
 v - a potion of haste
 z - a potion of resistance {unknown}


   Skills:
 - Level 2.4 Dodging
 - Level 2.4 Stealth
 * Level 13.3 Spellcasting
 * Level 12.0 Conjurations
 + Level 6.5 Hexes
 + Level 5.6 Translocations
 * Level 6.4 Fire Magic
 + Level 4.9 Air Magic


You had 12 spell levels left.
You knew the following spells:

 Your Spells              Type           Power        Failure   Level
a - Magic Dart            Conj           ####         1%          1
b - Searing Ray           Conj           ######       1%          2
c - Iskenderun's Mystic   Conj/Tloc      ######..     1%          4
d - Fulminant Prism       Conj/Hex       ######....   1%          4
e - Swiftness             Air            #####...     1%          2
f - Foxfire               Conj/Fire      ####         1%          1
g - Blink                 Tloc           N/A          1%          2
l - Lightning Bolt        Conj/Air       ######....   1%          5
x - Conjure Flame         Conj/Fire      ######..     1%          3

Your spell library contained the following spells:

 Spells                   Type           Power        Failure   Level
 Frozen Ramparts          Ice            ###...       4%          3
 Shock                    Conj/Air       ####         1%          1
 Slow                     Hex            ######..     1%          2
 Dazzling Flash           Conj/Hex       ######       1%          3
 Mephitic Cloud           Conj/Pois/Air  #####...     1%          3
 Static Discharge         Conj/Air       ######..     1%          3
 Airstrike                Air            #####.....   1%          4
 Call Imp                 Summ           ###.....     9%          2


Dungeon Overview and Level Annotations

Branches:
Dungeon (11/15)            Temple (1/1) D:5            Lair (0/6) D:8
  Sewer (visited)
    Orc: D:9-12

Altars:
Ashenzari
Cheibriados
Dithmenos
Elyvilon
Fedhas
Gozag
Hepliaklqana
Kikubaaqudgha
Makhleb
Nemelex Xobeh
Okawaru
Qazlal
Ru
Sif Muna
Trog
Uskayaw
Vehumet
Wu Jian
Xom
Yredelemnul
Zin
The Shining One

Shops:
D:7 (

Annotations:
D:3 4 runed translucent doors, grimjagger06's ghost, amateur GrEE
D:10 exclusion: downstairs


Message History

Vehumet accepts your kill.
You feel your power returning.
Reactivating autopickup.
Your Conjurations skill increases to level 12!
You feel a bit more experienced. The fire dragon bites you!
The fire dragon claws you.
The fire dragon tramples you but does no damage.
You climb upwards.
Level annotation: exclusion: downstairs
There is a stone staircase leading down here.
Casting: Iskenderun's Mystic Blast (safe; 1% risk of failure)
Confirm with . or Enter, or press ? or * to list all spells.
You erupt in a blast of force!
The mystic blast hits the fire dragon!
The fire dragon is heavily wounded.
The fire dragon bites you!
* * * LOW HITPOINT WARNING * * *
The fire dragon claws you!
* * * LOW HITPOINT WARNING * * *
The fire dragon tramples you!
You die...

#...#...###.....####.######....
#..##.....#......##....#.......
##..............................
#..#............................
##.#............................
##.>.#...........................
#...####.........................
##..# #.......D...........#.....
#..#####........@.........<#.....
##...#..................#........
##.....#.#.............##.......
###.###.##............#..[.#...
### ####............[.[)###..
##.............[).......
#........#..##.[.<[.##..
#......###.####....).... #...####
### ####[[....


You could see a fire dragon.

Vanquished Creatures
  A two-headed ogre (D:11)
  2 unseen horrors (D:11)
  An orc knight (D:11)
  An ugly thing (D:11)
  A gargoyle (D:10)
  A kobold demonologist (D:11)
  A komodo dragon (D:10)
  A troll (D:9)
  Prince Ribbit (D:8)
  A hippogriff (D:9)
  A wraith (D:11)
  Eustachio (D:6)
  6 yaks
  A porcupine (D:8)
  7 orc warriors
  3 sky beasts
  An ice beast (D:9)
  A black bear (D:8)
  6 ogres
  2 phantoms
  4 centaurs
  A crocodile (D:10)
  5 big kobolds
  8 bullfrogs
  A water moccasin skeleton (D:10)
  4 scorpions
  7 killer bees
  4 wights (D:9)
  3 bullfrog zombies
  2 hounds
  8 jellies
  A gnoll shaman (D:7)
  9 orc priests
  5 centaur skeletons
  4 iguanas
  Natasha (thrice) (D:2)
  16 orc wizards
  8 worker ants
  A hound skeleton (D:5)
  7 gnolls
  17 adders
  5 river rats
  A white imp (D:10)
  2 ufetubi
  3 adder skeletons
  6 worms
  A dart slug (D:2)
  6 leopard geckos
  25 orcs
  9 ball pythons
  6 bats
  5 giant cockroaches
  8 goblins
  3 hobgoblins
  16 jackals
  4 quokkas
  6 frilled lizards
  A jackal skeleton (D:4)
  26 kobolds
  A leopard gecko zombie (D:5)
  A quokka skeleton (D:6)
  2 quokka zombies (D:5)
  28 rats
323 creatures vanquished.

Vanquished Creatures (others)
  61 fulminant prisms
  35 fungi (D:8)
  43 plants
139 creatures vanquished.

Grand Total: 462 creatures vanquished

Notes
Turn   | Place    | Note
-------+----------+-------------------------------------------
     0 | D:1      | lorenzova the Deep Elf Conjurer began the quest for the
                  | Orb.
     0 | D:1      | Reached XP level 1. HP: 10/10 MP: 6/6
   219 | D:1      | Reached XP level 2. HP: 15/15 MP: 4/8
   258 | D:1      | Learned a level 2 spell: Searing Ray
   808 | D:1      | Reached skill level 4 in Spellcasting
  1063 | D:1      | Reached skill level 5 in Conjurations
  1063 | D:1      | Reached XP level 3. HP: 19/19 MP: 8/10
  1301 | D:2      | Noticed Natasha
  1305 | D:2      | Killed Natasha
  1368 | D:2      | Reached XP level 4. HP: 18/24 MP: 7/12
  1599 | D:2      | Noticed Natasha
  1604 | D:2      | Killed Natasha
  1604 | D:2      | Reached skill level 5 in Spellcasting
  1925 | D:2      | Noticed Natasha
  1930 | D:2      | Killed Natasha
  1930 | D:2      | Reached XP level 5. HP: 28/28 MP: 9/15
  2377 | D:3      | Found a glowing drain.
  2541 | Sewer    | Entered a sewer
  2736 | Sewer    | Reached skill level 6 in Spellcasting
  3096 | Sewer    | Reached XP level 6. HP: 32/32 MP: 8/17
  3205 | Sewer    | Reached skill level 7 in Spellcasting
  3539 | D:3      | Found a runed translucent door.
  3539 | D:3      | Found a glowing silver altar of Zin.
  3539 | D:3      | Noticed an angel
  3870 | D:3      | Found a sacrificial altar of Ru.
  4268 | D:3      | Reached XP level 7. HP: 36/36 MP: 13/19
  4353 | D:3      | Found a runed translucent gate.
  4353 | D:3      | Found a runed translucent gate.
  4353 | D:3      | Found a runed translucent gate.
  4353 | D:3      | Noticed grimjagger06's ghost (amateur GrEE)
  4811 | D:4      | Reached skill level 8 in Spellcasting
  5424 | D:4      | Found a white marble altar of Elyvilon.
  5474 | D:4      | Found a glowing silver altar of Zin.
  5590 | D:4      | Reached skill level 9 in Spellcasting
  5975 | D:4      | Reached XP level 8. HP: 41/41 MP: 14/23
  6068 | D:5      | Entered Level 5 of the Dungeon
  6455 | D:5      | Found a staircase to the Ecumenical Temple.
  6475 | Temple   | Entered the Ecumenical Temple
  6610 | Temple   | Became a worshipper of Vehumet
  6812 | D:5      | Reached skill level 10 in Spellcasting
  6933 | D:5      | Learned a level 2 spell: Swiftness
  6939 | D:5      | Learned a level 5 spell: Lightning Bolt
  6944 | D:5      | Learned a level 4 spell: Iskenderun's Mystic Blast
  6949 | D:5      | Learned a level 4 spell: Fulminant Prism
  7384 | D:6      | Found an opulent altar of Gozag.
  7384 | D:6      | Found a basalt altar of Yredelemnul.
  7385 | D:6      | Found a bloodstained altar of Trog.
  7467 | D:6      | Reached skill level 1 in Hexes
  7522 | D:6      | Noticed Eustachio
  7527 | D:6      | Killed Eustachio
  7527 | D:6      | Reached skill level 1 in Translocations
  7527 | D:6      | Reached skill level 1 in Air Magic
  7800 | D:6      | Reached * piety under Vehumet
  7800 | D:6      | Offered knowledge of Sandblast by Vehumet.
  7942 | D:6      | Reached XP level 9. HP: 45/45 MP: 14/25
  8710 | D:7      | Reached skill level 10 in Conjurations
  8715 | D:7      | Reached skill level 11 in Spellcasting
  8846 | D:7      | Found Bysuum's Antique Weapon Shoppe.
  9370 | D:8      | Offered knowledge of Foxfire by Vehumet.
  9455 | D:7      | Learned a level 1 spell: Foxfire
  9474 | D:8      | Reached ** piety under Vehumet
  9476 | D:8      | Reached skill level 1 in Fire Magic
 10014 | D:8      | Reached XP level 10. HP: 50/50 MP: 18/27
 10204 | D:8      | Found a staircase to the Lair.
 10501 | D:8      | Offered knowledge of Mephitic Cloud by Vehumet.
 10524 | D:8      | Noticed Prince Ribbit
 10531 | D:8      | Killed Prince Ribbit
 10531 | D:8      | Reached skill level 12 in Spellcasting
 10782 | D:8      | Found a bloodstained altar of Trog.
 11301 | D:9      | Reached *** piety under Vehumet
 11536 | D:9      | Reached skill level 5 in Hexes
 11558 | D:9      | Offered knowledge of Inner Flame by Vehumet.
 11819 | D:10     | Entered Level 10 of the Dungeon
 11983 | D:9      | Learned a level 2 spell: Blink
 11987 | D:9      | Learned a level 3 spell: Conjure Flame
 12140 | D:10     | Noticed a gargoyle
 12147 | D:10     | Killed a gargoyle
 12147 | D:10     | Reached skill level 5 in Fire Magic
 12166 | D:10     | Reached **** piety under Vehumet
 12599 | D:11     | Noticed an orange demon
 12601 | D:11     | Reached skill level 5 in Translocations
 12601 | D:11     | Reached XP level 11. HP: 54/54 MP: 22/29
 12624 | D:11     | Noticed a two-headed ogre
 12629 | D:11     | Killed a two-headed ogre
 12629 | D:11     | Reached skill level 13 in Spellcasting
 12634 | D:11     | Offered knowledge of Frozen Ramparts by Vehumet.
 12773 | D:11     | Noticed an orc knight
 12784 | D:11     | Killed an orc knight
 12883 | D:11     | Killed an unseen horror
 12890 | D:11     | Noticed an orc knight
 13033 | D:11     | Noticed a red ugly thing
 13033 | D:11     | Noticed a brown ugly thing
 13034 | D:11     | Noticed a fire dragon
 13034 | D:11     | Noticed a cyan ugly thing
 13101 | D:11     | Killed a cyan ugly thing
 13102 | D:11     | Noticed a skeletal warrior
 13103 | D:11     | Killed an unseen horror
 13106 | D:10     | Slain by a fire dragon

Illustrated notes

Levels and vault maps discovered:
D:1:      dpeg_arrival_round_a, layout_loops_corners, minivault_19
D:2:      layout_basic, minmay_misc_feat_diagonals, uniq_natasha
D:3:      layout_basic, nicolae_overflow_hidden_temple, gup_sewer_entry_bubbles,
          ebering_ghost_rock_garden, lemuel_angel_altar
D:4:      layout_basic, kennysheep_mini, elyvilon_altar_1,
          minmay_close_crescents
D:5:      layout_loops_ring, minmay_temple_entry_hall
D:6:      layout_basic, gammafunk_temple_overflow_forgotten, uniq_eustachio
D:7:      layout_cave_pools, serial_shops, shop
D:8:      layout_cave_pods, due_lair_maze_entry_diamond, trog_butcher_becter,
          uniq_prince_ribbit1
D:9:      layout_roguey
D:10:     layout_cave_pools
D:11:     minmay_the_grid_square_5x5_4x4_mashed
          [minmay_the_grid_square_5x5_pentomino_r,
          minmay_the_grid_square_5x5_broken_cross,
          minmay_the_grid_square_5x5_inset, minmay_the_grid_square_5x5_inner_i,
          minmay_the_grid_square_5x5_checkered_statues,
          minmay_the_grid_square_5x5_prize_monsterx,
          minmay_the_grid_square_5x5_prize_itemx,
          minmay_the_grid_square_5x5_inner_v,
          minmay_the_grid_square_5x5_six_small,
          minmay_the_grid_square_5x5_prize_open,
          minmay_the_grid_square_5x5_prize_pseudospiral,
          minmay_the_grid_square_5x5_checkered,
          minmay_the_grid_square_5x5_three,
          minmay_the_grid_square_5x5_tri_point,
          minmay_the_grid_square_5x5_fancy_junction,
          minmay_the_grid_square_5x5_hourglass], layout_gridville,
          minmay_orc_entry_temple_small, uniq_snorg, uniq_nergalle
Temple:   nicolae_temple_elliptical

Skill      XL: |  1  2  3  4  5  6  7  8  9 10 11 |
---------------+----------------------------------+-----
Spellcasting   | 4 5 6 7 9 10 11 12 13 | 13.3
Conjurations   | 5 6 7 8 9 10 11 12 | 12.0
Hexes          | 2 4 5 6 |  6.5
Translocations | 1 3 5 |  5.6
Air Magic      | 1 3 4 |  4.9
Fire Magic     | 2 5 6 |  6.4
Dodging        | |  2.4
Stealth        | |  2.4

Action                   |  1- 3 |  4- 6 |  7- 9 | 10-12 || total
-------------------------+-------+-------+-------+-------++-------
Melee: Dagger            |       |       |       |    13 ||    13
 Cast: Magic Dart        |    53 |   124 |   181 |    85 ||   443
       Searing Ray       |     2 |    14 |    54 |    26 ||    96
       Fulminant Prism   |       |       |    16 |    45 ||    61
       Iskenderun's Myst |       |       |     5 |    30 ||    35
  Use: Scroll            |       |     1 |     5 |     3 ||     9
Armor: Robe              |       |     2 |     7 |       ||     9
       Leather armour    |       |       |     7 |    20 ||    27
Dodge: Dodged            |     5 |     8 |    17 |    28 ||    58

Table legend: (Time is in decaauts)
 A = Elapsed time spent in this place.
 B = Non-inter-level travel time spent in this place.
 C = Inter-level travel time spent in this place.
 D = Time resting spent in this place.
 E = Time spent auto-exploring this place.
 F = Levels seen in this place.
 G = Mean time per level.
                   A        B        C        D        E       F      G
               +--------+--------+--------+--------+--------+-----+--------+
         Total |  13153 |  12572 |    581 |   4454 |   6538 |  13 | 1011.8 |
       Dungeon |  12032 |  11472 |    560 |   3973 |   6124 |  11 | 1093.8 |
        Temple |    156 |    135 |     21 |      0 |    133 |   1 |  156.0 |
         Sewer |    964 |    964 |      0 |    481 |    281 |   1 |  964.0 |
               +--------+--------+--------+--------+--------+-----+--------+

Top non-repeatable levels by time:
     D:3: 1569 daAuts
     D:8: 1428 daAuts
     D:4: 1377 daAuts
     D:7: 1368 daAuts
     D:6: 1227 daAuts
     D:1: 1210 daAuts
    D:10: 1031 daAuts
     D:2: 986 daAuts
   Sewer: 964 daAuts
     D:5: 927 daAuts
     D:9: 734 daAuts
    D:11: 169 daAuts
  Temple: 156 daAuts
